 Dungeon Crawl Stone Soup version 0.31-a0-986-g5e6e4ef867 (webtiles) character file.

Game seed: 1993620287602780740

20 monsoonserge the Ruffian (level 2, -1/18 HPs)
             Began as an Octopode Shapeshifter on Nov 18, 2023.
             Slain by a jackal (3 damage)
             ... on level 1 of the Dungeon.
             The game lasted 00:00:50 (151 turns).

monsoonserge the Ruffian (Octopode Shapeshifter)     Turns: 151, Time: 00:00:51

Health: -1/18      AC:  1    Str: 13    XL:     2   Next: 79%
Magic:  2/2        EV: 13    Int: 12    God:
Gold:   10         SH:  0    Dex: 11    Spells: 1/1 levels left

rFire   . .          .
                       - Unarmed
rCold   . . .        (no shield)
rNeg    . . .        (helmet currently unavailable)
rPois   .            (no amulet)
rElec   .            (no ring)
rCorr   .            (no ring)
SInv    .            (no ring)
Will    .....        (no ring)
Stlth   ++           (no ring)
HPRegen 0.23/turn    (no ring)
MPRegen 0.08/turn    (no ring)
                     (no ring)

%: no passive effects
@: beast-form
A: beast (slay +1), almost no armour, amphibious, 8 rings, camouflage 1,
gelatinous body 1, (nimble swimmer 1), tentacles
a: Begin Untransformation


You were on level 1 of the Dungeon.
You were a hulking beast.
You visited 1 branch of the dungeon, and saw 1 of its levels.

You collected 10 gold pieces.

Inventory:

Talismans
 b - a beast talisman
 c - a flux talisman
Scrolls
 d - 2 scrolls of teleportation {unknown}
 f - a scroll of fear {unknown}
 h - a scroll of identify {unknown}
Potions
 a - a potion of lignification
 e - a potion of invisibility {unknown}
 g - 2 potions of curing {unknown}


   Skills:
 + Level 1.2 Fighting
 + Level 2.6 Dodging
 + Level 0.5 Stealth
 - Level 3.1 Unarmed Combat
 - Level 3.1 Shapeshifting


You had one spell level left.
You didn't know any spells.
Your spell library was empty.

Dungeon Overview and Level Annotations

Branches:
Dungeon (1/15)

Altars:


Innate Abilities, Weirdness & Mutations

You are a hulking beast.
Your limbs bulge with bestial killing power. (Slay +1)
You cannot wear most types of armour.
You are amphibious.
You can wear up to eight rings at the same time.
Your skin changes colour to match your surroundings (Stealth+).
Your rubbery body absorbs attacks. (AC +1, EV +1)
((You are camouflaged when in or above water. (Stealth+)))
You have tentacles for arms and can constrict up to eight enemies at once.


Message History

The jackal is moderately wounded.
You constrict the jackal. The jackal barely misses you. The jackal bites you.
You tentacle-slap the jackal.
You kill the jackal!
You barely miss the giant cockroach. You grab the giant cockroach.
You constrict the giant cockroach. The giant cockroach barely misses you.
The rat bites you. The giant cockroach misses you.
You tentacle-slap the giant cockroach.
The giant cockroach is severely wounded.
You constrict the giant cockroach, but do no damage.
The rat bites you. The giant cockroach bites you.
You tentacle-slap the giant cockroach but do no damage.
You squeeze the giant cockroach, but do no damage.
The giant cockroach is heavily wounded.
You constrict the giant cockroach, but do no damage.
The jackal misses you. The giant cockroach bites you.
The rat barely misses you. The jackal misses you.
You tentacle-slap the giant cockroach.
You kill the giant cockroach!
The jackal barely misses you. The rat bites you.
You are too injured to fight recklessly!
You are too injured to fight recklessly!
You barely miss the jackal. Your grab misses the jackal.
The jackal barely misses you. The jackal bites you.
The jackal closely misses you. The rat bites you.
* * * LOW HITPOINT WARNING * * *
Unknown command.
You tentacle-slap the jackal. Your grab misses the jackal.
You squeeze the jackal.
You kill the jackal!
The jackal misses you.
The jackal bites you but does no damage.
The rat bites you.
* * * LOW HITPOINT WARNING * * *
The jackal bites you.
* * * LOW HITPOINT WARNING * * *
The jackal misses you.
You barely miss the jackal. Your grab misses the jackal.
Your squeeze misses the jackal. The jackal bites you.
You die...

. .. ##g#######......
##.#....##......
.#.#..#....?....
.......##........ #
....#...........#######.#
.....## ................
......##.......rhh......g
.........#......h........
......#########.....$....
......## #..........
.......## ##..........
..†.##..## ##......>$...
[...))...## #..#.........
.....#†...###.##.........
..............#######.###
.....#..#.###.## ..#


You could see 2 jackals and a rat.

Vanquished Creatures
  A ball python (D:1)
  2 endoplasms (D:1)
  2 giant cockroaches (D:1)
  2 goblins (D:1)
  2 hobgoblins (D:1)
  2 jackals (D:1)
  2 bats (D:1)
  A frilled lizard (D:1)
  A kobold (D:1)
  2 rats (D:1)
17 creatures vanquished.

Notes
Turn   | Place    | Note
-------+----------+-------------------------------------------
     0 | D:1      | monsoonserge the Octopode Shapeshifter began the quest for
                  | the Orb.
     0 | D:1      | Reached XP level 1. HP: 13/13 MP: 1/1
    57 | D:1      | Reached XP level 2. HP: 18/18 MP: 2/2
   151 | D:1      | Slain by a jackal

Illustrated notes

Levels and vault maps discovered:
D:1:      erik_arrival_blinker_ship, layout_rooms, ebering_ecumenical_altar_hall

Action                     || total
---------------------------++-------
  Melee: Unarmed           ||    29
         Tentacles         ||     5
         Constrict         ||     4
   Stab: Sleeping          ||     1
 Armour: Skin              ||    19
  Dodge: Dodged            ||    20

Table legend: (Time is in decaauts)
 A = Elapsed time spent in this place.
 B = Non-inter-level travel time spent in this place.
 C = Inter-level travel time spent in this place.
 D = Time resting spent in this place.
 E = Time spent auto-exploring this place.
 F = Levels seen in this place.
 G = Mean time per level.
                   A        B        C        D        E       F      G
               +--------+--------+--------+--------+--------+-----+--------+
         Total |    149 |    149 |      0 |      0 |     35 |   1 |  149.0 |
       Dungeon |    149 |    149 |      0 |      0 |     35 |   1 |  149.0 |
               +--------+--------+--------+--------+--------+-----+--------+

Top non-repeatable levels by time:
     D:1: 149 daAuts
